 Dungeon Crawl Stone Soup version 0.32-a0-128-g77eb882913 (webtiles) character file.

Game seed: 13520237687576402380

162 LobsterGuardian the Cutter (level 5, 0/69 HPs)
             Began as a Kobold Gladiator on Feb 7, 2024.
             Slain by a hobgoblin (2 damage)
             ... led by Robin
             ... on level 3 of the Dungeon.
             The game lasted 00:06:28 (1791 turns).

LobsterGuardian the Cutter (Kobold Gladiator)       Turns: 1791, Time: 00:06:28

Health: 0/69       AC: 22    Str: 12    XL:     5   Next: 71%
Magic:  5/5        EV:  3    Int:  9    God:
Gold:   112        SH:  0    Dex: 18    Spells: 4/4 levels left

rFire   + . .        a - +0 rapier
rCold   . . .        (no shield)
rNeg    . . .        b - melded +0 leather armour
rPois   +            c - melded +0 helmet
rElec   .            (cloak currently unavailable)
rCorr   .            j - melded +0 pair of gloves
SInv    .            (boots currently unavailable)
Will    +....        (no amulet) Stlth
                     h - ring of protection from fire
HPRegen 0.31/turn    m - ring of willpower
MPRegen 0.09/turn

%: no passive effects
@: berserking, tree-form, very quick
A: stationary, stasis, torment immunity, boosted hp, small, no large weapons,
nightstalker 3, (claws 1), deterioration 1
a: no special abilities


You were on level 3 of the Dungeon.
You were a tree.
You visited 1 branch of the dungeon, and saw 3 of its levels.

You collected 112 gold pieces.

Inventory:

Hand Weapons
 a - a +0 rapier (weapon)
Missiles
 d - a throwing net (quivered)
 e - 2 boomerangs
Armour
 b - a +0 leather armour (melded)
 c - a +0 helmet (melded)
 j - a +0 pair of gloves (melded)
Jewellery
 h - a ring of protection from fire (left branch)
 m - a ring of willpower (right branch)
Scrolls
 l - a scroll of immolation
Potions
 i - a potion of magic
 p - a potion of might {unknown}
 q - a potion of degeneration {unknown}


   Skills:
 + Level 2.6 Fighting
 + Level 5.6 Short Blades
 - Level 2.1 Throwing
 + Level 4.6 Dodging
 * Level 4.0 Stealth


You had 4 spell levels left.
You didn't know any spells.
Your spell library contained the following spells:

 Spells                   Type           Power      Damage    Failure   Level
 Cigotuvi's Dreadful Rot  Necr/Alch/Air  0%         N/A       52%         2
 Dispel Undead            Necr           0%         3d6       99%         4
 Martyr's Knell           Necr/Summ      0%         N/A       99%         4
 Death Channel            Necr           0%         N/A       100%        6


Dungeon Overview and Level Annotations

Branches:
Dungeon (3/15)

Altars:

Shops:
D:1 [


Innate Abilities, Weirdness & Mutations

You are a tree.
Your roots penetrate the ground, keeping you stationary.
You cannot be teleported.
You are immune to unholy pain and torment.
Your maximum health is greatly increased.
Your equipment is partially melded.
You are small and have problems with some larger weapons.
You are completely attuned to the shadows.
((You have sharp fingernails.))
Your body sometimes deteriorates upon taking damage.


Message History

You hit Robin.
Robin is almost dead.
The hobgoblin closely misses you. x2
Robin says, "My goblins will feast on your bones."
Robin closely misses you. The goblin hits you but does no damage.
Unknown command.
You hit Robin.
You kill Robin!
The hobgoblin closely misses you. The hobgoblin completely misses you.
The goblin hits you with a +0 club.
Unknown command.
You hit the goblin.
You kill the goblin!
The hobgoblin closely misses you. The hobgoblin hits you.
* * * LOW HITPOINT WARNING * * *
Unknown command.
Unknown command.
It was a potion of magic.
Magic courses through your body. The orc misses you. The hobgoblin misses you.
The hobgoblin hits you.
* * * LOW HITPOINT WARNING * * *
It was a potion of lignification.
You turn into a tree.
Your +0 helmet melds into your body.
Your +0 pair of gloves melds into your body.
Your +0 leather armour melds into your body.
Your roots penetrate the ground.
The orc hits you but does no damage.
A goblin comes into view. It is wielding a +0 club.
The hobgoblin hits you but does no damage.
The hobgoblin barely misses you.
Unknown command.
It was a potion of mutation.
You feel extremely strange.
You feel yourself wasting away.
Your fingernails lengthen.
The orc hits you with a +0 dagger.
* * * LOW HITPOINT WARNING * * *
The hobgoblin hits you but does no damage. x2
It was a potion of berserk rage.
A red film seems to cover your vision as you go berserk!
You feel yourself moving faster!
You feel mighty!
The hobgoblin no longer looks unusually strong.
The orc hits you but does no damage. The hobgoblin hits you.
You die...

...####.##
#.## #..#
.... ..#
##.###....
.## #..##..#
..# #. .#
##..#.#
...... .#
##...##
#$#... ..
##...###))...
.. #.....og#
......g♣)#
###.....#.#
#^...†..#
.......##
..#.#
.#.....#
>.... ......#
...# ...###
......


You could see an orc and 2 hobgoblins.

Vanquished Creatures
  Ijyb (D:3)
  An orc wizard (D:3)
  Robin (D:3)
  3 adders
  2 ribbon worms
  7 orcs (D:3)
  5 ball pythons
  2 endoplasms (D:1)
  3 giant cockroaches
  12 goblins
  8 hobgoblins
  2 quokkas
  3 bats (D:1)
  5 frilled lizards
  3 kobolds (D:1)
  4 rats
62 creatures vanquished.

Notes
Turn   | Place    | Note
-------+----------+-------------------------------------------
     0 | D:1      | LobsterGuardian the Kobold Gladiator began the quest for
                  | the Orb.
     0 | D:1      | Reached XP level 1. HP: 12/12 MP: 1/1
   248 | D:1      | Reached XP level 2. HP: 17/17 MP: 2/2
   274 | D:1      | Reached skill level 1 in Stealth
   411 | D:1      | Found Bocast's Antique Armour Boutique.
   656 | D:2      | Upgraded the game from 0.32-a0-120-gfac0567ad4 to
                  | 0.32-a0-128-g77eb882913
   734 | D:2      | Reached XP level 3. HP: 17/22 MP: 3/3
  1192 | D:2      | Reached XP level 4. HP: 21/27 MP: 4/4
  1471 | D:2      | You fall into a shaft and drop 1 floor!
  1528 | D:3      | Reached skill level 5 in Short Blades
  1652 | D:3      | Reached XP level 5. HP: 28/31 MP: 5/5
  1748 | D:3      | Noticed Robin
  1762 | D:3      | Noticed Ijyb
  1780 | D:3      | Killed Ijyb
  1786 | D:3      | Killed Robin
  1788 | D:3      | HP: 1/31 [hobgoblin[Robin] (6)]
  1790 | D:3      | Gained mutation: Your body sometimes deteriorates upon
                  | taking damage. [potion of mutation]
  1790 | D:3      | Gained mutation: You have sharp fingernails. [potion of
                  | mutation]
  1791 | D:3      | Slain by a hobgoblin

Illustrated notes

Levels and vault maps discovered:
D:1:      dpeg_arrival_brainrot, layout_basic, serial_shops,
          nicolae_shop_dealshenge
D:2:      minmay_inner_zag, layout_basic, grunt_decor_resistance
D:3:      layout_rooms, cheibrodos_sewer_entry_drain, uniq_ijyb, uniq_robin

Skill      XL: |  1  2  3  4  5 |
---------------+----------------+-----
Stealth        | 1 2 3 4 |  4.0
Dodging        | 4 |  4.6
Short Blades   | 5 |  5.6
Fighting       | |  2.6
Throwing       | |  2.1

Action                     |  1- 3 |  4- 6 || total
---------------------------+-------+-------++-------
  Melee: Rapier            |    73 |   119 ||   192
         Punch             |     1 |     9 ||    10
  Throw: Throwing net      |       |     2 ||     2
    Use: Scroll            |     2 |     2 ||     4
         Potion            |       |     6 ||     6
   Stab: Sleeping          |     7 |     5 ||    12
         Held in net/web   |       |     1 ||     1
 Armour: Leather armour    |    34 |    57 ||    91
         Skin              |       |     7 ||     7
  Dodge: Dodged            |    38 |    79 ||   117

Table legend: (Time is in decaauts)
 A = Elapsed time spent in this place.
 B = Non-inter-level travel time spent in this place.
 C = Inter-level travel time spent in this place.
 D = Time resting spent in this place.
 E = Time spent auto-exploring this place.
 F = Levels seen in this place.
 G = Mean time per level.
                   A        B        C        D        E       F      G
               +--------+--------+--------+--------+--------+-----+--------+
         Total |   1767 |   1745 |     22 |     13 |   1344 |   3 |  589.0 |
       Dungeon |   1767 |   1745 |     22 |     13 |   1344 |   3 |  589.0 |
               +--------+--------+--------+--------+--------+-----+--------+

Top non-repeatable levels by time:
     D:2: 889 daAuts
     D:1: 578 daAuts
     D:3: 299 daAuts
